 Dungeon Crawl Stone Soup version 0.28-a0-1213-g0243856f03 (webtiles) character file.

Game seed: 8317053901887591355

1589 jtrev the Basher (level 8, 0/69 HPs)
             Began as a Gargoyle Berserker on Dec 21, 2021.
             Was a Priest of Trog.
             Slain by Edmund (4 damage)
             ... on level 6 of the Dungeon.
             The game lasted 00:17:28 (6871 turns).

jtrev the Basher (Gargoyle Berserker)               Turns: 6871, Time: 00:17:28

Health: 0/69       AC: 13    Str: 23    XL:     8   Next: 92%
Magic:  8/8        EV: 10    Int:  8    God:    Trog [***...]
Gold:   272        SH:  5    Dex:  9    Spells: 7/7 levels left

rFire   . . .      SeeInvis .   a - +0 mace
rCold   . . .      Faith    .   (no shield)
rNeg    + . .      Spirit   .   q - +0 scale mail
rPois   ∞          Reflect  +   (no helmet)
rElec   +          Harm     .   (no cloak)
rCorr   .          Rampage  .   (no gloves)
Will    .....                   g - +0 pair of boots
Stlth   ..........              n - amulet of reflection
HPRegen 0.21/turn               r - ring of flight
MPRegen 0.11/turn               (no ring)

@: berserking, flying, very quick
A: sickness immunity, AC +5, negative energy resistance 1, electricity
resistance, torment resistance 1, petrification resistance
a: Renounce Religion, Berserk, Trog's Hand


You were on level 6 of the Dungeon.
You worshipped Trog.
Trog was most pleased with you.
You visited 2 branches of the dungeon, and saw 7 of its levels.

You collected 272 gold pieces.

Inventory:

Hand Weapons
 a - a +0 mace (weapon)
Armour
 g - a +0 pair of boots (worn)
   (You found it on level 1 of the Dungeon)
 q - a +0 scale mail (worn)
   (You took it off an orc on level 3 of the Dungeon)
Jewellery
 n - an amulet of reflection (around neck)
   (You found it on level 3 of the Dungeon)
 o - an amulet of the acrobat
   (You found it on level 3 of the Dungeon)
 r - a ring of flight (left hand)
   (You found it on level 4 of the Dungeon)
Scrolls
 b - 2 scrolls of blinking {unknown}
 c - 2 scrolls of vulnerability {unknown}
 d - 5 scrolls of identify {unknown}
 f - a scroll of summoning {unknown}
 h - a scroll of immolation {unknown}
 i - a scroll of amnesia {unknown}
 j - 5 scrolls of teleportation {unknown}
 k - 2 scrolls of acquirement {unknown}
 m - a scroll of magic mapping {unknown}
 p - 2 scrolls of enchant armour {unknown}
 s - a scroll of fear {unknown}
 t - 2 scrolls of enchant weapon {unknown}
 u - a scroll of noise {unknown}
 x - a scroll of holy word {unknown}
 y - a scroll of brand weapon {unknown}
Potions
 e - 5 potions of curing {@q1}
 l - a potion of ambrosia {unknown}
 v - a potion of attraction {unknown}
 w - a potion of invisibility {unknown}
 z - a potion of heal wounds {unknown}


   Skills:
 - Level 3.2 Fighting
 + Level 11.3 Maces & Flails
 - Level 2.1 Armour
 - Level 1.5 Dodging


You had 7 spell levels left.
You didn't know any spells.
Your spell library was empty.

Dungeon Overview and Level Annotations

Branches:
Dungeon (6/15)             Temple (1/1) D:4

Altars:
Cheibriados
Elyvilon
Fedhas
Gozag
Hepliaklqana
Kikubaaqudgha
Makhleb
Okawaru
Qazlal
Ru
Sif Muna
Trog
Uskayaw
Wu Jian
Xom
Yredelemnul
The Shining One

Shops:
D:1 :   D:5 :

Annotations:
D:6 Edmund


Innate Abilities, Weirdness & Mutations

You are immune to sickness and miasma.
Your stone body is resilient. (AC +5)
You are immune to poison.
You resist negative energy. (rN+)
You are resistant to electric shocks. (rElec)
You are resistant to unholy torment.
You are immune to petrification.


Message History

Unknown command.
You hit the iguana but do no damage.
The iguana bites you but does no damage.
Unknown command.
You closely miss the iguana.
The iguana bites you but does no damage.
Unknown command.
You sock the iguana!
You kill the iguana!
Trog accepts your kill.
Unknown command.
Edmund barely misses you.
Items here: ( )) †.
Unknown command.
You hit Edmund but do no damage. You block Edmund's attack.
You barely miss Edmund. Edmund hits you with a +1 vorpal flail.
Unknown command.
Unknown command.
You hit Edmund but do no damage. Edmund hits you with a +1 vorpal flail!
* * * LOW HITPOINT WARNING * * *
* * * LOW HITPOINT WARNING * * *
You barely miss Edmund. Edmund closely misses you.
Unknown command.
You hit Edmund. Edmund hits you but does no damage.
Unknown command.
Unknown command.
Unknown command.
A red film seems to cover your vision as you go berserk!
You feel yourself moving faster!
You feel mighty! Edmund misses you.
You barely miss Edmund.
Unknown command.
You sock Edmund! Edmund hits you with a +1 vorpal flail!
* * * LOW HITPOINT WARNING * * *
* * * LOW HITPOINT WARNING * * *
You sock Edmund! Edmund hits you with a +1 vorpal flail.
* * * LOW HITPOINT WARNING * * *
* * * LOW HITPOINT WARNING * * *
You hit Edmund.
Unknown command.
You barely miss Edmund. Edmund hits you with a +1 vorpal flail.
* * * LOW HITPOINT WARNING * * *
* * * LOW HITPOINT WARNING * * *
Unknown command.
You are too berserk!
Unknown command.
You hit Edmund. You barely miss Edmund.
Edmund grinds his teeth, and then sighs.
Edmund hits you with a +1 vorpal flail.
You die...

#..#.... ......@. .
..#...# .. ....l# #.
#...# ###.#####...#
............########.#.#
##..........@@.....[...
#......[..########.####
#........## #.#.....##
###.### #.## #..# ##.#
#.#


You could see Edmund.

Vanquished Creatures
  Sigmund (D:2)
  A water moccasin (D:5)
  A necrophage (D:5)
  An ogre (D:5)
  A centaur (D:5)
  A phantom (D:4)
  3 kobold brigands
  A bullfrog (D:5)
  A scorpion (D:4)
  A jelly (D:5)
  An orc priest (D:4)
  A bullfrog skeleton (D:4)
  2 hounds (D:5)
  4 iguanas
  Jessica (D:2)
  3 orc wizards
  Natasha (thrice) (D:2)
  A hound skeleton (D:4)
  4 gnolls
  7 adders
  2 shadow imps (D:5)
  4 dart slugs
  5 worms
  8 orcs
  6 ball pythons
  10 endoplasms
  5 goblins
  7 hobgoblins
  12 kobolds
  3 quokkas
  5 bats
  3 frilled lizards
  4 rats
113 creatures vanquished.

Vanquished Creatures (others)
  A plant (D:3)
1 creature vanquished.

Grand Total: 114 creatures vanquished

Notes
Turn   | Place    | Note
-------+----------+-------------------------------------------
     0 | D:1      | jtrev the Gargoyle Berserker began the quest for the Orb.
     0 | D:1      | Reached XP level 1. HP: 14/14 MP: 1/1
    14 | D:1      | Reached XP level 2. HP: 13/19 MP: 2/2
   849 | D:1      | Found Citosch's Book Shop.
   966 | D:1      | Reached skill level 4 in Maces & Flails
  1056 | D:1      | Reached XP level 3. HP: 18/23 MP: 3/3
  1212 | D:1      | Found a faded altar of an unknown god.
  1886 | D:2      | Noticed Natasha
  1898 | D:2      | Killed Natasha
  1899 | D:2      | Reached XP level 4. HP: 21/28 MP: 4/4
  1954 | D:2      | Noticed Natasha
  1985 | D:2      | Killed Natasha
  1986 | D:2      | Reached skill level 5 in Maces & Flails
  2127 | D:2      | Noticed Sigmund
  2141 | D:2      | Killed Sigmund
  2142 | D:2      | Reached skill level 6 in Maces & Flails
  2142 | D:2      | Reached XP level 5. HP: 32/32 MP: 5/5
  2142 | D:2      | Reached XP level 6. HP: 37/37 MP: 6/6
  2209 | D:2      | Noticed Natasha
  2218 | D:2      | Killed Natasha
  2312 | D:2      | Noticed Jessica
  2323 | D:2      | Killed Jessica
  2344 | D:2      | Reached ** piety under Trog
  2430 | D:2      | Reached skill level 7 in Maces & Flails
  4014 | D:4      | Reached XP level 7. HP: 36/41 MP: 7/7
  4241 | D:4      | Reached skill level 8 in Maces & Flails
  4357 | D:4      | Found a basalt altar of Yredelemnul.
  4874 | D:4      | Found a staircase to the Ecumenical Temple.
  5101 | D:4      | Reached skill level 9 in Maces & Flails
  5513 | D:5      | Entered Level 5 of the Dungeon
  5518 | D:5      | Reached XP level 8. HP: 46/46 MP: 8/8
  5623 | Temple   | Entered the Ecumenical Temple
  5865 | D:5      | Reached *** piety under Trog
  6097 | D:5      | Reached skill level 10 in Maces & Flails
  6610 | D:5      | Found Wuwun's Book Boutique.
  6658 | D:5      | Reached skill level 11 in Maces & Flails
  6841 | D:6      | Noticed Edmund
  6871 | D:6      | Slain by Edmund

Illustrated notes

Levels and vault maps discovered:
D:1:      dpeg_arrival_stonehenge_12_columns, layout_basic, serial_shops, shop,
          nicolae_ecumenical_lake_church
D:2:      layout_loops_ring, minmay_splitting_lines, uniq_sigmund, uniq_jessica,
          uniq_natasha
D:3:      layout_loops_corners, serial_bayou_pond_d
D:4:      cheibrodos_thug_alley, layout_cave_pods,
          mainiacjoe_overflow_tiny_flanked, minmay_temple_entry_stoned_glass
D:5:      layout_gridville, serial_shops, kennysheep_mini,
          chequers_serial_rivers_small_a
D:6:      layout_loops_ring, zin_statuary, ashenzari_conservatory_becter,
          ebering_ghost_sewer_d, kennysheep_generic_room_8, uniq_edmund,
          uniq_menkaure
Temple:   regret_index_temple_sphere_string

Skill      XL: |  1  2  3  4  5  6  7  8 |
---------------+-------------------------+-----
Maces & Flails | 4 6 7 9 11 | 11.3
Fighting       | |  3.2
Armour         | |  2.1
Dodging        | |  1.5

Action                   |  1- 3 |  4- 6 |  7- 9 || total
-------------------------+-------+-------+-------++-------
Melee: Mace              |    81 |   129 |   328 ||   538
Invok: Berserk           |       |     2 |     3 ||     5
Armor: Animal skin       |    16 |       |       ||    16
       Ring mail         |     9 |    43 |       ||    52
       Scale mail        |       |    10 |   120 ||   130
Dodge: Dodged            |    50 |    85 |   124 ||   259
Block: Other             |       |     3 |    57 ||    60
       Reflection        |       |       |     1 ||     1

Table legend: (Time is in decaauts)
 A = Elapsed time spent in this place.
 B = Non-inter-level travel time spent in this place.
 C = Inter-level travel time spent in this place.
 D = Time resting spent in this place.
 E = Time spent auto-exploring this place.
 F = Levels seen in this place.
 G = Mean time per level.
                   A        B        C        D        E       F      G
               +--------+--------+--------+--------+--------+-----+--------+
         Total |   6951 |   6530 |    421 |   1050 |   4193 |   7 |  993.0 |
       Dungeon |   6752 |   6359 |    393 |   1050 |   4036 |   6 | 1125.3 |
        Temple |    199 |    171 |     28 |      0 |    157 |   1 |  199.0 |
               +--------+--------+--------+--------+--------+-----+--------+

Top non-repeatable levels by time:
     D:1: 1841 daAuts
     D:4: 1719 daAuts
     D:2: 1141 daAuts
     D:3: 996 daAuts
     D:5: 955 daAuts
  Temple: 199 daAuts
     D:6: 97 daAuts
